 Dungeon Crawl Stone Soup version 0.17-a0-896-g249456b (webtiles) character file.

86 hornqvist the Sneak (level 4, -2/30 HPs)
             Began as an Octopode Assassin on May 1, 2015.
             Shot with a stone by a goblin (6 damage)
             ... led by Robin
             ... on level 3 of the Dungeon.
             The game lasted 00:03:44 (2507 turns).

hornqvist the Sneak (Octopode Assassin)             Turns: 2507, Time: 00:03:44

Health: -2/30      AC:  1    Str: 11    XL:     4   Next: 49%
Magic:  13/13      EV: 12    Int: 13    God:
Gold:   82         SH:  0    Dex: 13    Spells: 0 memorised, 3 levels left

rFire  . . .     SeeInvis .     a - +2 dagger
rCold  . . .     Clarity  .     (no shield)
rNeg   . . .     SustAb   .     (helmet restricted)
rPois  .         Gourm    .     (no amulet)
rElec  .         Spirit   .     m - ring of magical power
rCorr  .         Warding  .     (no ring)
rMut   .         Stasis   .     (no ring)
MR     .....                    (no ring)
Stlth  +++++.....               (no ring)
                                (no ring)
                                (no ring)
                                (no ring)

@: not resistant to hostile enchantments, quite stealthy
A: almost no armour, amphibious, 8 rings, constrict 8, camouflage 1, gelatinous
body 1
a: no special abilities


You were on level 3 of the Dungeon.
You were not hungry.

You visited 1 branch of the dungeon, and saw 3 of its levels.

You collected 82 gold pieces.

Inventory:

Hand weapons
 a - a +2 dagger (weapon)
 b - a +0 blowgun
Missiles
 c - 27 poisoned needles
 d - 2 curare-tipped needles
Jewellery
 m - a ring of magical power (left tentacle)
Scrolls
 f - 2 scrolls of identify {unknown}
 h - a scroll of recharging {unknown}
 i - a scroll of fog {unknown}
 k - a scroll of teleportation {unknown}
 o - a scroll of enchant armour {unknown}
 p - a scroll of magic mapping {unknown}
Potions
 j - 3 potions of lignification {unknown}
 l - a potion of curing {unknown}
 n - 2 potions of agility {unknown}
Comestibles
 e - 4 bread rations
 g - 2 beef jerkies
 q - a meat ration
 r - a chunk of flesh


   Skills:
 + Level 2.8 Fighting
 - Level 2.0 Throwing
 + Level 2.0 Dodging
 * Level 7.0 Stealth


You had 3 spell levels left.
You didn't know any spells.

Dungeon Overview and Level Annotations

Branches:
Dungeon (3/15)

Altars:
Fedhas
Trog


Innate Abilities, Weirdness & Mutations

You cannot wear most types of armour.
You are amphibious.
You can wear up to eight rings at the same time.
You can use your tentacles to constrict eight enemies at once.
Your skin changes colour to match your surroundings (Stealth).
Your rubbery body absorbs attacks (AC +1).


Message History

Your Dodging skill increases to level 2!
The hobgoblin closely misses you. The goblin closely misses you.
You barely miss the hobgoblin. You grab the hobgoblin.
You squeeze the hobgoblin. You constrict the hobgoblin.
The hobgoblin misses you. The hobgoblin closely misses you.
The goblin hits you.
* * * LOW HITPOINT WARNING * * *
You take 5 damage, and have 6/30 hp.
Unknown command.
You hit the hobgoblin.
You kill the hobgoblin!
Your Stealth skill increases to level 7!
The hobgoblin closely misses you. The goblin hits you.
* * * LOW HITPOINT WARNING * * *
You take 2 damage, and have 4/30 hp.
The goblin misses you. The hobgoblin completely misses you.
You see here a hobgoblin corpse.
The goblin wields a hunting sling.
The goblin shoots a stone.
The stone hits you.
You die...

...#......# #...
...#......##### #...
...'..........## #...
...#......###..# .....
...#......####.####.#.# #
...########......##.#.#.#
...# #.###..##.#.#.##g
#### # #....g.......gg #
#.#@##.#.#.##. .
#.#.##.#K#.##.## #
#.#g##.g.gg...... ..
#.##.#g)#.#.#.#..#. ...
........))>#.g....... .#
#.##.#..#.###.#.... ..
#.#..#.# .# #. .# ..##
#....# # .# . #.##.#.#...


You could see a hobgoblin (frenzied) and 2 goblins.

Vanquished Creatures
  Robin (D:3)
  2 adders (D:2)
  An ooze (D:1)
  3 orcs
  7 bats
  5 goblins
  5 hobgoblins
  7 jackals
  5 kobolds
  A ball python (D:1)
  3 giant cockroaches
  A giant gecko (D:2)
  2 giant newts
  A quokka (D:3)
  6 rats
50 creatures vanquished.

Notes
Turn   | Place    | Note
--------------------------------------------------------------
     0 | D:1      | hornqvist, the Octopode Assassin, began the quest for the Orb.
     0 | D:1      | Reached XP level 1. HP: 14/14 MP: 1/1
   248 | D:1      | Reached XP level 2. HP: 6/19 MP: 2/2
   905 | D:1      | Reached XP level 3. HP: 18/25 MP: 3/3
  1038 | D:2      | Reached skill level 6 in Stealth
  1083 | D:2      | Found a blossoming altar of Fedhas.
  1693 | D:3      | Reached XP level 4. HP: 30/30 MP: 4/4
  2437 | D:3      | Found a bloodstained altar of Trog.
  2476 | D:3      | Noticed Robin
  2502 | D:3      | Killed Robin
  2504 | D:3      | Reached skill level 7 in Stealth
  2507 | D:3      | Shot with a stone by a goblin

Action                   |  1- 3 |  4- 6 || total
-------------------------+-------+-------++-------
Melee: Dagger            |    70 |    40 ||   110
 Stab: Sleeping          |    12 |     2 ||    14
  Eat: Chunk             |     2 |     3 ||     5
